%YAML 1.1
%TAG !u! tag:unity3d.com,2011:
--- !u!1 &1725617562372162008
GameObject:
  m_ObjectHideFlags: 0
  m_CorrespondingSourceObject: {fileID: 0}
  m_PrefabInstance: {fileID: 0}
  m_PrefabAsset: {fileID: 0}
  serializedVersion: 6
  m_Component:
  - component: {fileID: 7585345425918415587}
  - component: {fileID: 4725296516990921641}
  - component: {fileID: 8121707585024905021}
  m_Layer: 0
  m_Name: default
  m_TagString: Untagged
  m_Icon: {fileID: 0}
  m_NavMeshLayer: 0
  m_StaticEditorFlags: 0
  m_IsActive: 1
--- !u!4 &7585345425918415587
Transform:
  m_ObjectHideFlags: 0
  m_CorrespondingSourceObject: {fileID: 0}
  m_PrefabInstance: {fileID: 0}
  m_PrefabAsset: {fileID: 0}
  m_GameObject: {fileID: 1725617562372162008}
  m_LocalRotation: {x: 0, y: -0, z: -0, w: 1}
  m_LocalPosition: {x: -0, y: 0, z: 0}
  m_LocalScale: {x: 1, y: 1, z: 1}
  m_ConstrainProportionsScale: 0
  m_Children: []
  m_Father: {fileID: 7004429253077722043}
  m_RootOrder: 0
  m_LocalEulerAnglesHint: {x: 0, y: 0, z: 0}
--- !u!33 &4725296516990921641
MeshFilter:
  m_ObjectHideFlags: 0
  m_CorrespondingSourceObject: {fileID: 0}
  m_PrefabInstance: {fileID: 0}
  m_PrefabAsset: {fileID: 0}
  m_GameObject: {fileID: 1725617562372162008}
  m_Mesh: {fileID: -2432090755550338912, guid: 8f391fb7017a3ee4f941a18c7755bdcf, type: 3}
--- !u!23 &8121707585024905021
MeshRenderer:
  m_ObjectHideFlags: 0
  m_CorrespondingSourceObject: {fileID: 0}
  m_PrefabInstance: {fileID: 0}
  m_PrefabAsset: {fileID: 0}
  m_GameObject: {fileID: 1725617562372162008}
  m_Enabled: 1
  m_CastShadows: 1
  m_ReceiveShadows: 1
  m_DynamicOccludee: 1
  m_StaticShadowCaster: 0
  m_MotionVectors: 1
  m_LightProbeUsage: 1
  m_ReflectionProbeUsage: 1
  m_RayTracingMode: 2
  m_RayTraceProcedural: 0
  m_RenderingLayerMask: 1
  m_RendererPriority: 0
  m_Materials:
  - {fileID: 2100000, guid: aafa35662178c0543be8b52089edbe12, type: 2}
  m_StaticBatchInfo:
    firstSubMesh: 0
    subMeshCount: 0
  m_StaticBatchRoot: {fileID: 0}
  m_ProbeAnchor: {fileID: 0}
  m_LightProbeVolumeOverride: {fileID: 0}
  m_ScaleInLightmap: 1
  m_ReceiveGI: 1
  m_PreserveUVs: 0
  m_IgnoreNormalsForChartDetection: 0
  m_ImportantGI: 0
  m_StitchLightmapSeams: 1
  m_SelectedEditorRenderState: 3
  m_MinimumChartSize: 4
  m_AutoUVMaxDistance: 0.5
  m_AutoUVMaxAngle: 89
  m_LightmapParameters: {fileID: 0}
  m_SortingLayerID: 0
  m_SortingLayer: 0
  m_SortingOrder: 0
  m_AdditionalVertexStreams: {fileID: 0}
--- !u!1 &7673970934083827969
GameObject:
  m_ObjectHideFlags: 0
  m_CorrespondingSourceObject: {fileID: 0}
  m_PrefabInstance: {fileID: 0}
  m_PrefabAsset: {fileID: 0}
  serializedVersion: 6
  m_Component:
  - component: {fileID: 7004429253077722043}
  - component: {fileID: 7403357268708688990}
  - component: {fileID: 4729091887186461086}
  m_Layer: 0
  m_Name: water
  m_TagString: Untagged
  m_Icon: {fileID: 0}
  m_NavMeshLayer: 0
  m_StaticEditorFlags: 0
  m_IsActive: 1
--- !u!4 &7004429253077722043
Transform:
  m_ObjectHideFlags: 0
  m_CorrespondingSourceObject: {fileID: 0}
  m_PrefabInstance: {fileID: 0}
  m_PrefabAsset: {fileID: 0}
  m_GameObject: {fileID: 7673970934083827969}
  m_LocalRotation: {x: -0, y: -0, z: -0, w: 1}
  m_LocalPosition: {x: 2.4885037, y: -0.9321399, z: 3.2496152}
  m_LocalScale: {x: 1, y: 1, z: 1}
  m_ConstrainProportionsScale: 0
  m_Children:
  - {fileID: 7585345425918415587}
  m_Father: {fileID: 0}
  m_RootOrder: 0
  m_LocalEulerAnglesHint: {x: 0, y: 0, z: 0}
--- !u!114 &7403357268708688990
MonoBehaviour:
  m_ObjectHideFlags: 0
  m_CorrespondingSourceObject: {fileID: 0}
  m_PrefabInstance: {fileID: 0}
  m_PrefabAsset: {fileID: 0}
  m_GameObject: {fileID: 7673970934083827969}
  m_Enabled: 1
  m_EditorHideFlags: 0
  m_Script: {fileID: 11500000, guid: c2cc2767c1a14d04780e452d3357ab5c, type: 3}
  m_Name: 
  m_EditorClassIdentifier: 
  ID: 8
  UP:
  - {fileID: 4851162023086618689, guid: 1c8c04a3480982a48a0f0daf8ed9654b, type: 3}
  - {fileID: 278685728001763651, guid: 5b0fe9305ec2e36468747669a2c4fb6e, type: 3}
  - {fileID: 7673970934083827969}
  DOWN:
  - {fileID: 4851162023086618689, guid: 1c8c04a3480982a48a0f0daf8ed9654b, type: 3}
  - {fileID: 278685728001763651, guid: 5b0fe9305ec2e36468747669a2c4fb6e, type: 3}
  - {fileID: 7673970934083827969}
  RIGHT:
  - {fileID: 4851162023086618689, guid: 1c8c04a3480982a48a0f0daf8ed9654b, type: 3}
  - {fileID: 278685728001763651, guid: 5b0fe9305ec2e36468747669a2c4fb6e, type: 3}
  - {fileID: 7673970934083827969}
  LEFT:
  - {fileID: 4851162023086618689, guid: 1c8c04a3480982a48a0f0daf8ed9654b, type: 3}
  - {fileID: 278685728001763651, guid: 5b0fe9305ec2e36468747669a2c4fb6e, type: 3}
  - {fileID: 7673970934083827969}
  availablePaths: 
  Exit: 0
  Required: 0
  hasCar: 0
--- !u!65 &4729091887186461086
BoxCollider:
  m_ObjectHideFlags: 0
  m_CorrespondingSourceObject: {fileID: 0}
  m_PrefabInstance: {fileID: 0}
  m_PrefabAsset: {fileID: 0}
  m_GameObject: {fileID: 7673970934083827969}
  m_Material: {fileID: 0}
  m_IsTrigger: 0
  m_Enabled: 1
  serializedVersion: 2
  m_Size: {x: 2.5, y: 1, z: 2.5}
  m_Center: {x: -0.05, y: 0, z: -0.05}
